 Dungeon Crawl Stone Soup version 0.20.1-1-g8b1a95d (webtiles) character file.

1241 fish the Martial Artist (level 8, -10/55 HPs)
             Began as an Octopode Monk on Sept 28, 2017.
             Was a Priest of Cheibriados.
             Mangled by an orc warrior
             ... wielding a +0 glaive
              (19 damage)
             ... on level 6 of the Dungeon.
             The game lasted 00:05:55 (4476 turns).

fish the Martial Artist (Octopode Monk)             Turns: 4476, Time: 00:05:55

Health: -10/55     AC:  2    Str: 21    XL:     8   Next: 49%
Magic:  8/8        EV: 19    Int: 21    God:    Cheibriados [***...]
Gold:   93         SH:  0    Dex: 30    Spells: 7/7 levels left

rFire    . . .     SeeInvis .     - Unarmed
rCold    . . .     Gourm    .   (no shield)
rNeg     . . .     Faith    .   s - +1 hat
rPois    .         Spirit   .   (no amulet)
rElec    .         Reflect  .   e - +6 ring of dexterity
rCorr    +         Harm     .   f - ring of flight
MR       .....                  i - +3 ring of strength
Stlth    +++++.....             k - ring of resist corrosion
Regen    0.2/turn               (no ring)
MPRegen  0.2/turn               (no ring)
                                (no ring)
                                (no ring)

@: about to teleport, very slow
A: almost no armour, stealthy swim, amphibious, 8 rings, constrict 8, camouflage
1, gelatinous body 1
a: Bend Time, Temporal Distortion, Renounce Religion, Evoke Flight


You were on level 6 of the Dungeon.
You worshipped Cheibriados.
Cheibriados was most pleased with you.
You were hungry.

You visited 1 branch of the dungeon, and saw 6 of its levels.

You collected 203 gold pieces.
You spent 110 gold pieces at shops.

Inventory:

Missiles
 b - 127 stones (quivered)
Armour
 s - a +1 hat (worn)
Jewellery
 e - a +6 ring of dexterity (left tentacle)
 f - a ring of flight (right tentacle)
 i - a +3 ring of strength (on tentacle)
 k - a ring of resist corrosion (on tentacle)
 y - a cursed -2 ring of evasion {unknown}
Scrolls
 j - a scroll of teleportation
 l - 3 scrolls of remove curse
 o - a scroll of enchant armour
 u - 5 scrolls of identify
 v - 3 scrolls of enchant weapon
 w - a scroll of fear
 x - a scroll of random uselessness {unknown}
Potions
 c - 3 potions of heal wounds {unknown}
 d - 3 potions of magic
 g - a potion of mutation
 h - 2 potions of curing
 m - 2 potions of brilliance {unknown}
 n - 2 potions of degeneration {unknown}
 p - 2 potions of flight
 r - a potion of invisibility
Comestibles
 a - 3 bread rations
 q - a fruit
 t - 4 meat rations


   Skills:
 - Level 5.0 Fighting
 + Level 5.5 Dodging
 - Level 4.0 Stealth
 - Level 8.1 Unarmed Combat


You had 7 spell levels left.
You didn't know any spells.

Dungeon Overview and Level Annotations

Branches:
Dungeon (6/15)
 Temple: D:4-7

Altars:
Cheibriados
Fedhas
Gozag
Hepliaklqana
Kikubaaqudgha
Makhleb
Qazlal
Trog
Yredelemnul

Shops:
D:4 !


Innate Abilities, Weirdness & Mutations

You cannot wear most types of armour.
You are very stealthy in the water. (Stealth+)
You are amphibious.
You can wear up to eight rings at the same time.
You can use your tentacles to constrict eight enemies at once.
Your skin changes colour to match your surroundings (Stealth+).
Your rubbery body absorbs attacks. (AC +1, EV +1)


Message History

There is an open door here.
The orc warrior is too close now for your liking.
An orc warrior is nearby!
An orc warrior is nearby!
An orc warrior is nearby!
Throwing (i - inventory):
b - 128 stones (quivered)
Press: ? - help, Shift-Dir - straight line, f - orc warrior
Aim: an orc warrior, wielding a glaive and wearing a plate armour (hasn't noticed you)
You throw a stone.
The stone hits the orc warrior but does no damage.
The orc warrior hits you from afar with a glaive!!
The orc warrior misses you.
The orc shouts!
As you read the scroll of teleportation, it crumbles to dust.
You feel strangely unstable. The orc warrior completely misses you.
The orc warrior hits you from afar with a glaive!!
* * * LOW HITPOINT WARNING * * *
You feel better.
The orc warrior hits you from afar with a glaive!!
You die...

.....#..........##....###.#######
................##...............
........._......##...####.######.
................###+#............
................'................
#######...##....####......#......
#.......####........'......
#...###.####.#..#.###......
#...###.##@.......######+## ####
#...'...o..###...........#
...####...###.##o# #.##.####...#
...##.'...# #.##.# #.##......# #
...##.#...# #.##o###.##.######
...##.##### #...........# ...##.#
####o###.###### ...'.##
######≈............ ...###
(o.....≈....#######


You could see an orc warrior, an orc wizard and 2 orcs.

Vanquished Creatures
  Prince Ribbit (D:5)
  A water moccasin (D:6)
  An ice beast (D:5)
  The ghost of Dazliare the Shooter, an amateur CeHu of Okawaru (D:3)
  2 ogres (D:4)
  A scorpion (D:4)
  3 crimson imps
  4 hounds
  An orc wizard (D:4)
  2 orc priests
  2 worker ants
  A hound zombie (D:6)
  A worker ant zombie (D:6)
  3 gnolls (D:2)
  7 adders
  A shadow imp (D:4)
  An ooze (D:6)
  2 adder skeletons
  2 worms
  2 dart slugs
  3 leopard geckos
  14 orcs
  2 giant cockroaches
  2 goblins
  2 hobgoblins
  2 jackals (D:6)
  A quokka (D:5)
  A ball python (D:4)
  5 bats
  4 frilled lizards
  3 kobolds
  A quokka skeleton (D:4)
  5 rats
84 creatures vanquished.

Notes
Turn   | Place    | Note
-------+----------+-------------------------------------------
     0 | D:1      | fish the Octopode Monk began the quest for the Orb.
     0 | D:1      | Reached XP level 1. HP: 16/16 MP: 1/1
   568 | D:2      | Reached XP level 2. HP: 21/21 MP: 2/2
   818 | D:2      | Reached skill level 4 in Unarmed Combat
   818 | D:2      | Reached XP level 3. HP: 26/26 MP: 3/3
  1232 | D:3      | Reached XP level 4. HP: 31/31 MP: 4/4
  1272 | D:3      | Found a snail-covered altar of Cheibriados.
  1331 | D:3      | Became a worshipper of Cheibriados the Contemplative
  1331 | D:3      | Reached * piety under Cheibriados
  1331 | D:3      | Reached ** piety under Cheibriados
  1476 | D:3      | Reached skill level 5 in Unarmed Combat
  1613 | D:3      | Noticed Dazliare's ghost (amateur CeHu)
  1633 | D:3      | Killed Dazliare's ghost
  1633 | D:3      | Reached XP level 5. HP: 11/36 MP: 5/5
  2180 | D:4      | Reached skill level 5 in Dodging
  2180 | D:4      | Reached XP level 6. HP: 42/42 MP: 6/6
  2317 | D:4      | Reached skill level 6 in Unarmed Combat
  2396 | D:4      | Reached XP level 7. HP: 46/46 MP: 7/7
  2672 | D:4      | Found Cilul's Distillery.
  2676 | D:4      | Bought a potion of curing for 30 gold pieces
  2676 | D:4      | Bought a potion of invisibility for 80 gold pieces
  2866 | D:5      | Entered Level 5 of the Dungeon
  2875 | D:5      | Noticed Prince Ribbit
  2883 | D:5      | Killed Prince Ribbit
  2883 | D:5      | Reached skill level 7 in Unarmed Combat
  2968 | D:5      | Reached *** piety under Cheibriados
  3004 | D:5      | Reached skill level 8 in Unarmed Combat
  3147 | D:5      | Reached XP level 8. HP: 47/52 MP: 8/8
  3172 | D:5      | Found a burning altar of Makhleb.
  3182 | D:5      | Found a hazy altar of Hepliaklqana.
  3457 | D:5      | Found an opulent altar of Gozag.
  3676 | D:6      | Found a bloodstained altar of Trog.
  3678 | D:6      | Found an ancient bone altar of Kikubaaqudgha.
  3678 | D:6      | Found a basalt altar of Yredelemnul.
  3678 | D:6      | Found a stormy altar of Qazlal.
  3679 | D:6      | Found a blossoming altar of Fedhas.
  3704 | D:6      | Found a bloodstained altar of Trog.
  4040 | D:6      | Reached skill level 5 in Fighting
  4476 | D:6      | Mangled by an orc warrior

Skill      XL: |  1  2  3  4  5  6  7  8 |
---------------+-------------------------+-----
Unarmed Combat | 4 5 6 8 |  8.1
Dodging        | 4 5 |  5.5
Stealth        | 3 4 |  4.0
Fighting       | 5 |  5.0

Action                   |  1- 3 |  4- 6 |  7- 9 || total
-------------------------+-------+-------+-------++-------
Melee: Unarmed           |    41 |    46 |    85 ||   172
       Constrict         |    12 |    12 |    29 ||    53
       Tentacles         |     8 |    15 |    31 ||    54
       Punch             |     2 |     7 |     7 ||    16
Throw: Stone             |     4 |     3 |    14 ||    21
  Use: Scroll            |     9 |     1 |     2 ||    12
       Potion            |       |       |     1 ||     1
 Stab: Sleeping          |     5 |     9 |     2 ||    16
       Distracted        |       |       |     1 ||     1
  Eat: Chunk             |       |     3 |     2 ||     5
Armor: Skin              |     5 |       |     5 ||    10
Dodge: Dodged            |    21 |    25 |    73 ||   119
